 Dungeon Crawl Stone Soup version 0.15.0-18-g9076a4f (webtiles) character file.

1272 Patate the Hoplite (level 8, -1/66 HPs)
             Began as a Minotaur Berserker on Sept 7, 2014.
             Was an Elder of Trog.
             Slain by an orc warrior
             ... wielding a +0 long sword
              (7 damage)
             ... on Level 6 of the Dungeon.
             The game lasted 00:24:35 (6628 turns).

Patate the Hoplite (Minotaur Berserker)             Turns: 6628, Time: 00:24:35

HP  -1/66        AC 13     Str 24      XL: 8   Next: 28%
MP   3/3         EV  7     Int  4      God: Trog [****..]
Gold 277         SH 11     Dex  7 (10) Spells:  0 memorised,  7 levels left

rFire  + . .     SeeInvis .     i - +0 war axe
rCold  + . .     Clarity  .     t - +0 chain mail
rNeg   . . .     rCorr    +     k - +0 shield
rPois  +         rRot     .     (helmet restricted)
rElec  +         Spirit   .     g - +0 cloak
SustAb .         Warding  .     (no gloves)
rMut   .         Rnd*Tele +     r - +0 pair of boots
Gourm  .                        (no amulet)
MR     .....                    (no ring)
                                m - cursed ring of teleportation

@: resistant, not resistant to hostile enchantments, extremely unstealthy
A: retaliatory headbutt, horns 2
a: Burn Spellbooks, Berserk, Trog's Hand, Brothers in Arms, Renounce Religion,
Evoke Teleportation


You were on level 6 of the Dungeon.
You worshipped Trog.
Trog was greatly pleased with you.
You were very hungry.

You visited 2 branches of the dungeon, and saw 7 of its levels.

You collected 277 gold pieces.

Inventory:

Hand weapons
 i - a +0 war axe (weapon)
Armour
 g - a +0 cloak (worn)
 k - a +0 shield (worn)
 r - a +0 pair of boots (worn)
 t - a +0 chain mail (worn)
Magical devices
 w - a wand of lightning (4) {unknown}
Comestibles
 c - 4 bread rations
 d - 6 fruits
 f - 3 beef jerkies
 l - a slice of pizza
 n - 4 meat rations
 p - 2 royal jellies
Scrolls
 a - a scroll of enchant weapon {unknown}
 b - 3 scrolls of remove curse {unknown}
 e - a scroll of recharging {unknown}
 h - 2 scrolls of immolation {unknown}
 j - 2 scrolls of amnesia {unknown}
 o - 3 scrolls of blinking {unknown}
 q - 5 scrolls of teleportation {unknown}
 s - 2 scrolls of magic mapping {unknown}
 y - a scroll of random uselessness {unknown}
Jewellery
 m - a cursed ring of teleportation (left hand)
Potions
 u - a potion of resistance


   Skills:
 - Level 4.1 Fighting
 - Level 3.8 Axes
 + Level 7.2 Armour
 - Level 2.1 Dodging
 * Level 9.4 Shields


You had 7 spell levels left.
You didn't know any spells.

Dungeon Overview and Level Annotations

Branches:
Dungeon (6/15)             Temple (1/1) D:5

Altars:
Ashenzari
Cheibriados
Dithmenos
Elyvilon
Fedhas
Kikubaaqudgha
Makhleb
Nemelex Xobeh
Okawaru
Qazlal
Sif Muna
Trog
Vehumet
Xom
Yredelemnul
Zin
The Shining One

Shops:
D:5 (


Innate Abilities, Weirdness & Mutations

You reflexively headbutt those who attack you in melee.
You have a pair of horns on your head.


Message History

The orc warrior is moderately wounded.
You slash the orc priest!
You kill the orc priest!
Trog accepts your kill.
The orc warrior hits you with a long sword!
Huge Dmg: -16%(-11hp) hp: 31%(20hp) Use which ability? (? or * to list)
You fail to use your ability.
You block the orc warrior's attack. 2 orcs come into view.
The orc shouts! x2
Use which ability? (? or * to list)
You fail to use your ability.
The orc warrior hits you with a long sword!
* * * LOW HITPOINT WARNING * * *
There is a stone staircase leading up here.
Huge Dmg: -25%(-17hp) hp: 10%(6hp) Drink which item? (? for menu, Esc to quit)
You feel protected.
The orc warrior hits you with a long sword!
You die...

#.######....#..#
#..............#####
########....#......#
#.............#
#.######......# #.#
#......# #######.#
#..o...# . ........#
#..oo..# #.#
######### #..@...#
#.# ######## #.# #.#
#.# ####### #####.#
......# #......
......# #......
......# #......
......# #......


You could see an orc warrior and 2 orcs.

Vanquished Creatures
  A water moccasin (D:6)
  An ogre (D:4)
  A phantom (D:4)
  2 sky beasts
  A giant frog (D:6)
  A scorpion (D:5)
  2 crimson imps
  A hound (D:4)
  2 orc priests
  A centaur skeleton (D:4)
  2 orc wizards
  2 worker ants
  3 iguanas
  Ijyb (D:4)
  6 adders
  3 gnolls (D:4)
  A giant mite (D:4)
  5 worms
  An adder skeleton (D:4)
  16 orcs
  7 giant cockroaches
  10 hobgoblins
  A quokka (D:4)
  2 ball pythons
  11 bats
  5 giant geckos
  3 giant newts
  13 goblins
  12 kobolds
  A kobold skeleton (D:4)
  4 rats
  A rat zombie (D:6)
  2 ballistomycetes (D:5)
125 creatures vanquished.

Vanquished Creatures (collateral kills)
  Duvessa (D:5)
  Dowan (D:5)
2 creatures vanquished.

Vanquished Creatures (others)
  A giant spore (D:5)
1 creature vanquished.

Grand Total: 128 creatures vanquished

Notes
Turn   | Place    | Note
--------------------------------------------------------------
     0 | D:1      | Patate, the Minotaur Berserker, began the quest for the Orb.
     0 | D:1      | Reached XP level 1. HP: 19/19 MP: 1/1
   444 | D:1      | Reached skill level 4 in Fighting
   565 | D:1      | Reached XP level 2. HP: 18/27 MP: 1/1
   920 | D:2      | Acquired Trog's second power
  1069 | D:2      | Reached skill level 1 in Shields
  1281 | D:2      | Reached XP level 3. HP: 30/33 MP: 2/2
  1444 | D:2      | HP: 1/33 [poisoned by a kobold]
  2273 | D:3      | Reached XP level 4. HP: 37/40 MP: 2/2
  2912 | D:4      | Noticed an ogre
  2928 | D:4      | Killed an ogre
  2928 | D:4      | Reached XP level 5. HP: 46/46 MP: 2/2
  3023 | D:4      | Noticed a phantom
  3037 | D:5      | Entered Level 5 of the Dungeon
  3434 | D:4      | Killed a phantom
  3434 | D:4      | Reached skill level 5 in Armour
  3434 | D:4      | Reached skill level 5 in Shields
  3434 | D:4      | Reached XP level 6. HP: 39/52 MP: 3/3
  3526 | D:4      | Noticed Ijyb
  3533 | D:4      | Killed Ijyb
  3867 | D:4      | Reached skill level 6 in Shields
  4137 | D:5      | Found Shrual's Antique Weapon Shoppe.
  4254 | D:4      | Reached XP level 7. HP: 53/59 MP: 3/3
  4321 | D:4      | Acquired Trog's third power
  5027 | D:5      | Noticed Dowan
  5161 | D:5      | Reached skill level 7 in Shields
  5266 | D:5      | Noticed Duvessa
  5303 | D:5      | Killed Dowan
  5304 | D:5      | Killed Duvessa
  5522 | D:5      | Found a staircase to the Ecumenical Temple.
  5528 | Temple   | Entered the Ecumenical Temple
  5803 | D:5      | Reached skill level 8 in Shields
  6050 | D:6      | Found a shimmering altar of Xom.
  6237 | D:6      | Reached XP level 8. HP: 32/66 MP: 3/3
  6459 | D:6      | Reached skill level 9 in Shields
  6628 | D:6      | Slain by an orc warrior

Action                   |  1- 3 |  4- 6 |  7- 9 || total
-------------------------+-------+-------+-------++-------
Melee: Hand axe          |    94 |   160 |   184 ||   438
       War axe           |       |       |    33 ||    33
Invok: Trog's Hand       |       |       |     1 ||     1
       Brothers in Arms  |       |       |     1 ||     1
  Use: Potion            |     4 |     1 |     7 ||    12
  Eat: Chunk             |     4 |     7 |     6 ||    17
       Fruit             |       |       |     1 ||     1
